 Dungeon Crawl Stone Soup version 0.31-a0-889-g1a8549509d (webtiles) character file.

Game seed: 968504671092669926

4 Kurtz the Sneak (level 1, 0/21 HPs)
             Began as a Naga Delver on Oct 16, 2023.
             Slain by an orc
             ... wielding a +0 club
              (2 damage)
             ... on level 3 of the Dungeon.
             The game lasted 00:00:56 (243 turns).

Kurtz the Sneak (Naga Delver)                        Turns: 243, Time: 00:00:57

Health: 0/21       AC:  3    Str: 14    XL:     1   Next: 70%
Magic:  1/1        EV:  7    Int: 10    God:
Gold:   9          SH:  0    Dex: 12    Spells: 0/0 levels left

rFire   . . .        a - +0 hand axe
rCold   . . .        (no shield)
rNeg    . . .        f - +0 scale mail
rPois   +            (no helmet)
rElec   .            (no cloak)
rCorr   .            (no gloves)
SInv    +            (no barding)
Will    .....        (no amulet)
Stlth   ++           (no ring)
HPRegen 0.23/turn    (no ring)
MPRegen 0.07/turn

%: no passive effects
@: very slow
A: AC +0, large, see invisible, deformed body, poison resistance, slowness 2,
spit poison 1, naga tail 1
a: Spit Poison


You were on level 3 of the Dungeon.
You visited 1 branch of the dungeon, and saw 3 of its levels.

You collected 9 gold pieces.

Inventory:

Hand Weapons
 a - a +0 hand axe (weapon)
Armour
 b - a +0 leather armour
 f - a +0 scale mail (worn)
Wands
 g - a wand of digging (3)
Scrolls
 c - a scroll of fog
 d - a scroll of revelation
Potions
 e - a potion of heal wounds {unknown}
 h - a potion of might {unknown}


   Skills:
 - Level 3.0 Fighting
 * Level 2.4 Axes
 - Level 1.5 Dodging
 - Level 7.2 Stealth


You couldn't memorise any spells.
You didn't know any spells.
Your spell library was empty.

Dungeon Overview and Level Annotations

Branches:
Dungeon (5/15)
 Temple: D:4-7

Altars:

Annotations:
D:4 Menkaure
D:5 Edmund, Ijyb


Innate Abilities, Weirdness & Mutations

Your serpentine skin is tough. (AC +0)
You have supernaturally acute eyesight. (SInv)
Armour fits poorly on your strangely shaped body.
Your system is resistant to poisons. (rPois)
You cover ground very slowly.
You can spit poison.
You have a snake-like lower body.


Message History

An orc comes into view. It is wielding a +0 club.
Things that are here:
a +0 trident; an orc corpse
Aiming: Spit Poison (3% risk of failure)
Press: ? - help, Shift-Dir - straight line, f - orc
Aim: an orc, wielding a +0 club (53% to hit)
The splash of poison misses the orc.
Unknown command.
The orc attacks as it pursues you! The orc hits you but does no damage.
The orc hits you but does no damage.
You closely miss the orc. The orc barely misses you.
You hit the orc.
The orc is lightly wounded.
You have got your breath back.
The orc hits you with a +0 club.
* * * LOW HITPOINT WARNING * * *
Aiming: Spit Poison (3% risk of failure)
Press: ? - help, Shift-Dir - straight line, f/p - orc
Aim: an orc, wielding a +0 club (lightly wounded, 53% to hit)
The splash of poison misses the orc.
The orc hits you with a +0 club.
* * * LOW HITPOINT WARNING * * *
Unknown command.
You hit the orc.
The orc is severely wounded.
The orc hits you but does no damage. The orc hits you with a +0 club.
* * * LOW HITPOINT WARNING * * *
You barely miss the orc.
The orc is severely wounded.
The orc hits you with a +0 club.
* * * LOW HITPOINT WARNING * * *
Unknown command.
Okay, then.
You completely miss the orc.
The orc is severely wounded.
You have got your breath back.
The orc hits you but does no damage.
You hit the orc but do no damage.
The orc is severely wounded.
The orc hits you with a +0 club.
You die...

### .># #.#
#.# #)# #o#
#@# #.# #.#
#.# #.#
##.#
###.####..#
..
.........##
#.#
##.##..##
..# #.##.##


You could see an orc.

Vanquished Creatures
  An orc (D:3)
  2 goblins (D:4)
3 creatures vanquished.

Notes
Turn   | Place    | Note
-------+----------+-------------------------------------------
     0 | D:5      | Kurtz the Naga Delver began the quest for the Orb.
     0 | D:5      | Reached XP level 1. HP: 21/21 MP: 1/1
     3 | D:5      | Noticed Ijyb
     3 | D:5      | Noticed a scorpion
    24 | D:5      | Noticed Edmund
    26 | D:5      | Noticed a hound
    80 | D:4      | Noticed Menkaure
   218 | D:3      | Noticed an orc wizard
   241 | D:3      | HP: 1/21 [orc/+0 club (2)]
   243 | D:3      | Slain by an orc

Illustrated notes

Levels and vault maps discovered:
D:3:      layout_basic, kennysheep_nub
D:4:      layout_loops_ring, uniq_pikel, uniq_sigmund, uniq_menkaure
D:5:      minmay_polygon_palace, layout_loops_ring, ebering_ghost_sewer_f,
          guppyfry_shop_venom, uniq_ijyb, uniq_blork_the_orc, uniq_edmund

Action                     || total
---------------------------++-------
  Melee: Hand axe          ||    14
Ability: Spit Poison       ||     2
    Use: Scroll            ||     1
         Potion            ||     1
 Armour: Scale mail        ||    11
         Leather armour    ||     3
  Dodge: Dodged            ||     7

Table legend: (Time is in decaauts)
 A = Elapsed time spent in this place.
 B = Non-inter-level travel time spent in this place.
 C = Inter-level travel time spent in this place.
 D = Time resting spent in this place.
 E = Time spent auto-exploring this place.
 F = Levels seen in this place.
 G = Mean time per level.
                   A        B        C        D        E       F      G
               +--------+--------+--------+--------+--------+-----+--------+
         Total |    313 |    301 |     12 |      0 |     95 |   3 |  104.3 |
       Dungeon |    313 |    301 |     12 |      0 |     95 |   3 |  104.3 |
               +--------+--------+--------+--------+--------+-----+--------+

Top non-repeatable levels by time:
     D:4: 219 daAuts
     D:3: 50 daAuts
     D:5: 44 daAuts
